 Dungeon Crawl Stone Soup version 0.27-a0-789-g6bb3289e1e (webtiles) character file.

Game seed: 3333151695146218272

2057 polve the Conjurer (level 9, -4/94 HPs)
             Began as a Demonspawn Abyssal Knight on Mar 26, 2021.
             Was a Priest of Lugonu.
             Succumbed to a water moccasin's poison
             ... on level 6 of the Dungeon.
             The game lasted 00:10:46 (9488 turns).

polve the Conjurer (Demonspawn Abyssal Knight)      Turns: 9488, Time: 00:10:46

Health: -4/94      AC: 15    Str: 12    XL:     9   Next: 5%
Magic:  15/15      EV: 13    Int: 16    God:    Lugonu [***...]
Gold:   274        SH:  0    Dex: 14    Spells: 10/17 levels left

rFire    . . .     SeeInvis .   b - +3 dagger (drain)
rCold    . . .     Faith    .   (no shield)
rNeg     . . .     Spirit   .   j - +0 scale mail
rPois    .         Reflect  .   (no helmet)
rElec    .         Harm     .   (no cloak)
rCorr    .         Rampage  .   c - +1 pair of gloves
Will     .....                  p - +0 pair of boots
Stlth    ..........             (no amulet)
HPRegen  0.25/turn              n - +4 ring of evasion
MPRegen  0.14/turn              y - ring of wizardry

@: berserking, lethally poisoned (-4 -> -17), sanguine armoured, very quick
A: hooves 1, sanguine armour 1
a: Renounce Religion, Depart the Abyss, Bend Space, Banish


You were on level 6 of the Dungeon.
You worshipped Lugonu.
Lugonu was most pleased with you.
You visited 1 branch of the dungeon, and saw 6 of its levels.
You visited the Abyss 1 time.
You also visited: Ossuary.

You collected 300 gold pieces.
You spent 26 gold pieces at shops.

Inventory:

Hand Weapons
 a - a +0 scimitar
 b - a +3 dagger of draining (weapon)
Armour
 c - a +1 pair of gloves (worn)
 j - a +0 scale mail (worn)
 p - a +0 pair of boots (worn)
Jewellery
 d - a ring of flight
 n - a +4 ring of evasion (right hand)
 x - a ring of see invisible
 y - a ring of wizardry (left hand)
Wands
 g - a wand of iceblast (8)
 w - a wand of digging (3)
Scrolls
 e - a scroll of magic mapping {unknown}
 i - a scroll of immolation {unknown}
 k - 4 scrolls of teleportation
 l - 2 scrolls of enchant armour
 m - a scroll of blinking {unknown}
 q - a scroll of vulnerability
 t - 2 scrolls of noise {unknown}
 u - 2 scrolls of amnesia
 v - a scroll of brand weapon {unknown}
 z - a scroll of acquirement {unknown}
Potions
 f - a potion of cancellation {unknown}
 h - a potion of heal wounds {unknown}
 o - a potion of berserk rage
 r - a potion of flight {unknown}
 s - 2 potions of curing {unknown}


   Skills:
 - Level 3.0 Fighting
 - Level 3.4 Long Blades
 - Level 1.7 Armour
 - Level 0.8 Dodging
 - Level 4.5 Spellcasting
 - Level 7.2 Conjurations
 + Level 2.8 Fire Magic
 + Level 2.8 Air Magic
 + Level 3.1 Poison Magic
 + Level 5.0 Invocations


You had 10 spell levels left.
You knew the following spells:

 Your Spells              Type           Power      Damage    Failure   Level
a - Magic Dart            Conj           100%       1d8       1%          1
c - Conjure Flame         Conj/Fire      19%        6-21      12%         3
d - Mephitic Cloud        Conj/Pois/Air  17%        N/A       16%         3

Your spell library contained the following spells:

 Spells                   Type           Power      Damage    Failure   Level
 Animate Skeleton         Necr           6%         N/A       32%         1
 Apportation              Tloc           6%         N/A       32%         1
 Corona                   Hex            3%         N/A       32%         1
 Summon Small Mammal      Summ           12%        N/A       32%         1
 Blink                    Tloc           N/A        N/A       43%         2
 Call Imp                 Summ           3%         N/A       43%         2
 Slow                     Hex            3%         N/A       43%         2
 Call Canine Familiar     Summ           3%         N/A       65%         3
 Lesser Beckoning         Tloc           1%         N/A       65%         3
 Summon Guardian Golem    Hex/Summ       3%         N/A       65%         3
 Tukima's Dance           Hex            3%         N/A       65%         3
 Summon Lightning Spire   Summ/Air       8%         N/A       86%         4
 Summon Ice Beast         Ice/Summ       3%         N/A       96%         4
 Alistair's Intoxication  Tmut/Pois      5%         N/A       99%         5
 Invisibility             Hex            3%         N/A       100%        6


Dungeon Overview and Level Annotations

Branches:
Dungeon (6/15)             Temple (0/1) D:4         Ossuary (visited)

Altars:
Fedhas
Hepliaklqana
Nemelex Xobeh
Xom
Zin

Shops:
D:3 *


Innate Abilities, Weirdness & Mutations

You have large cloven feet.
When seriously injured, your bleeding wounds create armour. (AC +6)


Message History

The centaur skeleton hits you but does no damage.
The centaur skeleton kicks you but does no damage.
The water moccasin bites you but does no damage. x2
The howler monkey zombie closely misses you.
You hit the water moccasin.
The water moccasin is severely wounded.
The centaur skeleton closely misses you.
The centaur skeleton barely misses you. The water moccasin bites you.
* * * LOW HITPOINT WARNING * * *
You are poisoned.
The water moccasin poisons you! The water moccasin barely misses you.
You puncture the water moccasin!
You kill the water moccasin!
Lugonu accepts your kill.
* * * LOW HITPOINT WARNING * * *
You feel extremely sick.
The howler monkey zombie completely misses you.
The centaur skeleton closely misses you.
The centaur skeleton kicks you but does no damage.
The water moccasin barely misses you.
Your Invocations skill increases to level 5!
You have reached level 9!
Your experience leads to an increase in your attributes!
Increase (S)trength, (I)ntelligence, or (D)exterity?
You feel clever.
You puncture the water moccasin!
The water moccasin is heavily wounded.
You feel sick.
You puncture the water moccasin! You drain the water moccasin.
The water moccasin is almost dead.
The centaur skeleton barely misses you.
The centaur skeleton closely misses you.
The water moccasin bites you.
* * * LOW HITPOINT WARNING * * *
You are lethally poisoned!
The water moccasin poisons you! The howler monkey zombie misses you.
You puncture the water moccasin!
You kill the water moccasin!
Lugonu accepts your kill.
You die...

[.#####.## ..#.#.#..
......... ....#.#..
......... .........
......... #####.#..
........# #...#
........# #...#
#....!..### #...#
#......†Z.# #.#.#
#.......@.#.# #.#.#
####...Z..#.# ....#
#......#.# ##.###
#......#.# #..
#......#.# #.#
#......#.# #.#
###......#.#########
#.#
#..................#
#.#
#.........########.#
#.#


You could see a howler monkey zombie and a centaur skeleton.

Vanquished Creatures
  Prince Ribbit (D:6)
  3 water moccasins (D:6)
  A black bear (D:5)
  2 necrophages
  3 phantoms
  An elf zombie (Ossuary)
  2 bullfrogs (D:6)
  2 scorpions
  A bullfrog zombie (D:4)
  A jelly (D:6)
  5 hounds
  3 bullfrog skeletons
  A human zombie (Ossuary)
  2 orc wizards
  Ijyb (D:4)
  5 iguanas
  A hound skeleton (D:5)
  4 mummies (Ossuary)
  6 gnolls
  10 adders
  A white imp (D:5)
  3 adder zombies (Ossuary)
  2 dart slugs
  2 worms
  10 orcs
  6 ball pythons
  6 bats
  8 endoplasms
  3 giant cockroaches
  2 goblins (D:1)
  5 hobgoblins
  5 jackals
  9 kobolds
  6 quokkas
  A frilled lizard (D:2)
  A gnoll zombie (Ossuary)
  3 goblin zombies (Ossuary)
  A kobold zombie (Ossuary)
  A quokka zombie (D:5)
  8 rats
  3 rat zombies
141 creatures vanquished.

Vanquished Creatures (others)
  5 starspawn tentacles (Abyss:1)
5 creatures vanquished.

Grand Total: 146 creatures vanquished

Notes
Turn   | Place    | Note
-------+----------+-------------------------------------------
     0 | Abyss:1  | polve the Demonspawn Abyssal Knight began the quest for the
                  | Orb.
     0 | Abyss:1  | Reached XP level 1. HP: 18/18 MP: 2/2
    65 | Abyss:1  | Noticed a tentacled starspawn
    69 | Abyss:1  | Noticed a quasit
    71 | Abyss:1  | Found a corrupted altar of Lugonu.
    88 | D:1      | Escaped the Abyss
   409 | D:1      | Reached * piety under Lugonu
   692 | D:1      | Gained mutation: When seriously injured, your bleeding
                  | wounds create armour. (AC +6) [demonic ancestry]
   692 | D:1      | Reached XP level 2. HP: 20/24 MP: 3/3
  1720 | D:1      | Reached XP level 3. HP: 25/28 MP: 4/4
  2152 | D:2      | Learned a level 1 spell: Magic Dart
  2759 | D:2      | Found a blossoming altar of Fedhas.
  2929 | D:2      | Found a large runed translucent door.
  2929 | D:2      | Found a large runed translucent door.
  2933 | D:2      | Found a shimmering altar of Xom.
  3276 | D:3      | Reached skill level 1 in Conjurations
  3497 | D:3      | Reached XP level 4. HP: 33/35 MP: 5/5
  3578 | D:3      | Reached skill level 1 in Spellcasting
  3600 | D:3      | Reached skill level 2 in Conjurations
  3862 | D:3      | Reached ** piety under Lugonu
  4047 | D:3      | Reached XP level 5. HP: 11/41 MP: 7/7
  4374 | D:3      | Found Onti's General Store.
  4377 | D:3      | Bought a scroll of identify for 26 gold pieces
  4452 | D:4      | Noticed a phantom
  4495 | D:3      | Killed a phantom
  4496 | D:3      | Reached skill level 3 in Conjurations
  4707 | D:4      | Reached XP level 6. HP: 28/47 MP: 9/9
  4708 | D:4      | Reached skill level 4 in Conjurations
  4854 | D:4      | Noticed Ijyb
  4872 | D:4      | Killed Ijyb
  5285 | D:4      | Found a staircase to the Ecumenical Temple.
  5724 | D:5      | Entered Level 5 of the Dungeon
  5795 | D:5      | Found a sand-covered staircase.
  5818 | Ossuary  | Entered an ossuary
  5899 | Ossuary  | Reached skill level 5 in Conjurations
  5913 | Ossuary  | Gained mutation: You have large cloven feet. [demonic
                  | ancestry]
  5913 | Ossuary  | Reached XP level 7. HP: 14/52 MP: 11/11
  5953 | Ossuary  | Reached *** piety under Lugonu
  6721 | D:5      | Reached skill level 6 in Conjurations
  7738 | D:5      | Reached XP level 8. HP: 54/58 MP: 14/14
  7768 | D:5      | Reached skill level 7 in Conjurations
  8123 | D:4      | Learned a level 3 spell: Conjure Flame
  8127 | D:4      | Learned a level 3 spell: Mephitic Cloud
  8154 | D:4      | Reached skill level 1 in Poison Magic
  8442 | D:5      | Reached skill level 1 in Fire Magic
  8442 | D:5      | Reached skill level 1 in Air Magic
  8533 | D:6      | Found a hazy altar of Hepliaklqana.
  8533 | D:6      | Found a sparkling altar of Nemelex Xobeh.
  8646 | D:6      | Noticed Prince Ribbit
  8683 | D:6      | Killed Prince Ribbit
  9486 | D:6      | Reached skill level 5 in Invocations
  9486 | D:6      | Reached XP level 9. HP: 8/63 MP: 15/15
  9488 | D:6      | Succumbed to a water moccasin's poison

Illustrated notes

Levels and vault maps discovered:
D:1:      ncdulo_halloftheorcs, layout_loops_corners,
          chequers_serial_rivers_room_a
D:2:      due_chaos_kobolds, layout_basic, gammafunk_temple_overflow_elements
D:3:      layout_rooms, serial_shops, nicolae_shop_trees
D:4:      layout_loops_ring, temple_fountains, uniq_ijyb
D:5:      minmay_diamond_boxcup, layout_gridville, enter_ossuary_4
D:6:      layout_basic, chequers_temple_overflow_statue_of_worship,
          uniq_prince_ribbit1, uniq_menkaure

Skill      XL: |  1  2  3  4  5  6  7  8 |
---------------+-------------------------+-----
Long Blades    | 2 3 |  3.4
Conjurations   | 1 2 3 5 6 7 |  7.2
Spellcasting   | 1 2 3 4 |  4.5
Poison Magic   | 3 |  3.1
Invocations    | 5 |  5.0
Fire Magic     | 2 |  2.8
Air Magic      | 2 |  2.8
Fighting       | |  3.0
Armour         | |  1.7
Dodging        | |  0.8

Action                   |  1- 3 |  4- 6 |  7- 9 || total
-------------------------+-------+-------+-------++-------
Melee: Falchion          |    48 |       |       ||    48
       Dagger            |    80 |   206 |   135 ||   421
       Unarmed           |       |     5 |       ||     5
       Scimitar          |       |    46 |   192 ||   238
 Cast: Magic Dart        |       |     7 |     6 ||    13
Invok: Depart the Abyss  |     1 |       |       ||     1
  Use: Potion            |       |     5 |     4 ||     9
       Scroll            |       |     3 |     1 ||     4
 Stab: Distracted        |     1 |       |       ||     1
Armor: Leather armour    |    37 |       |       ||    37
       Scale mail        |     1 |   141 |   185 ||   327
       Skin              |       |     8 |       ||     8
Dodge: Dodged            |    61 |   141 |   306 ||   508
       Rpst.: Falchion   |     5 |       |       ||     5
       Scimitar          |       |    18 |    55 ||    73

Table legend: (Time is in decaauts)
 A = Elapsed time spent in this place.
 B = Non-inter-level travel time spent in this place.
 C = Inter-level travel time spent in this place.
 D = Time resting spent in this place.
 E = Time spent auto-exploring this place.
 F = Levels seen in this place.
 G = Mean time per level.
                   A        B        C        D        E       F      G
               +--------+--------+--------+--------+--------+-----+--------+
         Total |   9506 |   9334 |    172 |     19 |   7978 |   8 | 1188.2 |
       Dungeon |   8733 |   8561 |    172 |     19 |   7472 |   6 | 1455.5 |
         Abyss |     89 |     89 |      0 |      0 |     65 |   1 |   89.0 |
       Ossuary |    683 |    683 |      0 |      0 |    441 |   1 |  683.0 |
               +--------+--------+--------+--------+--------+-----+--------+

Top non-repeatable levels by time:
     D:1: 1702 daAuts
     D:2: 1670 daAuts
     D:4: 1617 daAuts
     D:5: 1611 daAuts
     D:3: 1190 daAuts
     D:6: 941 daAuts
 Ossuary: 683 daAuts
 Abyss:1: 89 daAuts
